 Dungeon Crawl Stone Soup version 0.30-a0-476-g330ca2eb8e (webtiles) character file.

Game seed: 2176716840218936340

179 NinjaNoafa the Grasshopper (level 5, -2/43 HPs)
             Began as a Gnoll Warper on Dec 21, 2022.
             Splashed by a jelly's acid (5 damage)
             ... on level 4 of the Dungeon.
             The game lasted 00:29:33 (4165 turns).

NinjaNoafa the Grasshopper (Gnoll Warper)           Turns: 4165, Time: 00:29:33

Health: -2/43      AC: -13   Str: 10 (13) XL:     5   Next: 59%
Magic:  6/12       EV: 14    Int:  9 (12) God:
Gold:   224        SH:  0    Dex: 16 (17) Spells: 3/14 levels left

rFire   . . .      SeeInvis .    a - +0 mace
rCold   . . .      Faith    .    (no shield)
rNeg    . . .      Spirit   .    v - +0 robe
rPois   .          Reflect  .    (no helmet)
rElec   .          Harm     .    (no cloak)
rCorr   .          Rampage  .    (no gloves)
Will    .....                    (no boots)
Stlth   ++........               (no amulet)
HPRegen 0.27/turn                c - +6 ring of dexterity
MPRegen 0.13/turn                (no ring)

@: corroded, very slightly contaminated
A: fangs 1, strong nose, distributed training
a: no special abilities


You were on level 4 of the Dungeon.
You visited 1 branch of the dungeon, and saw 4 of its levels.

You collected 224 gold pieces.

Inventory:

Hand Weapons
 a - a +0 mace (weapon)
Missiles
 b - a boomerang
 d - 7 boomerangs of dispersal
 e - 64 stones
 k - 4 javelins (quivered)
Armour
 v - a +0 robe (worn)
Jewellery
 c - a +6 ring of dexterity (left hand)
Scrolls
 f - a scroll of silence
 g - a scroll of noise {unknown}
 l - a scroll of magic mapping
 n - a scroll of brand weapon
 q - a scroll of fear
 u - a scroll of amnesia
Potions
 h - a potion of flight
 i - a potion of curing
 m - a potion of cancellation {unknown}
 o - a potion of attraction {unknown}
 p - a potion of degeneration
 r - a potion of lignification
 s - a potion of magic {unknown}
 t - 2 potions of invisibility {unknown}


   Skills:
 + Level 4.8 Fighting
 + Level 1.6 Short Blades
 + Level 1.6 Long Blades
 + Level 1.6 Axes
 + Level 4.8 Maces & Flails
 + Level 1.6 Polearms
 + Level 1.6 Staves
 + Level 1.6 Ranged Weapons
 + Level 3.0 Throwing
 + Level 3.0 Armour
 + Level 4.8 Dodging
 + Level 1.6 Stealth
 + Level 1.6 Shields
 + Level 1.6 Unarmed Combat
 + Level 5.2 Spellcasting
 + Level 1.3 Conjurations
 + Level 1.3 Hexes
 + Level 1.3 Summonings
 + Level 1.3 Necromancy
 + Level 5.6 Translocations
 + Level 1.3 Transmutations
 + Level 1.3 Fire Magic
 + Level 1.3 Ice Magic
 + Level 1.3 Air Magic
 + Level 1.3 Earth Magic
 + Level 1.3 Poison Magic
 + Level 1.8 Invocations
 + Level 1.6 Evocations


You had 3 spell levels left.
You knew the following spells:

 Your Spells              Type           Power      Damage    Failure   Level
a - Blink                 Tloc           24%        N/A       3%          2
b - Lesser Beckoning      Tloc           24%        N/A       8%          3
c - Teleport Other        Tloc           12%        N/A       8%          3
d - Vhi's Electric Charg  Tloc/Air       16%        N/A       17%         3

Your spell library contained the following spells:

 Spells                   Type           Power      Damage    Failure   Level
 Freeze                   Ice            16%        1d4       14%         1
 Magic Dart               Conj           16%        1d3       14%         1
 Call Imp                 Summ           4%         N/A       22%         2
 Frozen Ramparts          Ice            8%         1d2       38%         3
 Hailstorm                Conj/Ice       4%         3d4       38%         3
 Mephitic Cloud           Conj/Pois/Air  4%         N/A       38%         3
 Manifold Assault         Tloc           12%        N/A       24%         4


Dungeon Overview and Level Annotations

Branches:
Dungeon (4/15)
 Temple: D:4-7

Altars:

Annotations:
D:4 1 exclusion


Innate Abilities, Weirdness & Mutations

You have very sharp teeth.
Your uncanny sense of smell can sniff out nearby items.
Your experience applies equally to all skills.


Message History

k - 3 javelins (gained 1)
t - 2 grey potions (gained 1)
g - a scroll labelled UBBAOSTRIPLI
k - 4 javelins (gained 1)
You see here a +0 scale mail.
You now have 224 gold pieces (gained 13).
A jelly comes into view.
Casting: Vhi's Electric Charge (quite dangerous; 17% risk of failure)
Confirm with . or Enter, or press ? or * to list all spells.
Charge where?
Press: ? - help, Dir - move target, f - jelly
Aim: a jelly (asleep, 98% to hit)
You miscast Vhi's Electric Charge.
You are very lightly contaminated with residual magic.
Nothing appears to happen.
Casting: Vhi's Electric Charge (quite dangerous; 17% risk of failure)
Confirm with . or Enter, or press ? or * to list all spells.
Charge where?
Press: ? - help, Dir - move target, f/p - jelly
Aim: a jelly (asleep, 98% to hit)
You charge forward with an electric crackle!
The jelly quivers.
You completely miss the jelly. You bite the jelly.
The jelly is lightly wounded.
The jelly completely misses you.
You hit the jelly. The acid corrodes you!
Your hands burn!
The jelly is lightly wounded.
The jelly misses you. The jelly hits you. The acid corrodes you!
You are splashed with acid.
You hit the jelly. The acid corrodes you!
Your hands burn!
The jelly is moderately wounded.
The jelly hits you. The acid corrodes you!
You are splashed with acid!
You hit the jelly but do no damage.
Your hands burn!
The jelly is lightly wounded.
The jelly hits you.
* * * LOW HITPOINT WARNING * * *
The acid corrodes you!
You are splashed with acid!
* * * LOW HITPOINT WARNING * * *
You hit the jelly but do no damage.
Your hands burn!
You die...

......######.#
##...## #.#
###..# #.#
.....# #.#
###.## #.#
##'## #.###
##...## #.#.#
#.....##
#..#.##
.......##
#.###@#
........###.##
##J#
........'....#
##
.......†####..#
.......##
#.....## #.
##...## #####.
##'# #.. .. #.#
#.# #.


You could see a jelly.

Vanquished Creatures
  A gnoll bouda (D:4)
  A gnoll (D:4)
  6 adders
  2 worms
  2 dart slugs
  2 orcs
  10 endoplasms
  2 giant cockroaches (D:1)
  11 goblins
  8 hobgoblins
  3 jackals (D:1)
  7 kobolds
  A quokka (D:1)
  5 ball pythons
  7 bats
  3 frilled lizards
71 creatures vanquished.

Notes
Turn   | Place    | Note
-------+----------+-------------------------------------------
     0 | D:1      | NinjaNoafa the Gnoll Warper began the quest for the Orb.
     0 | D:1      | Reached XP level 1. HP: 20/20 MP: 6/6
   117 | D:1      | Reached XP level 2. HP: 15/26 MP: 7/7
   158 | D:1      | Learned a level 2 spell: Blink
   498 | D:1      | Reached skill level 5 in Spellcasting
   498 | D:1      | Reached XP level 3. HP: 30/31 MP: 7/9
   582 | D:1      | Reached skill level 1 in Invocations
   929 | D:2      | Reached skill level 1 in Short Blades
   929 | D:2      | Reached skill level 1 in Long Blades
   929 | D:2      | Reached skill level 1 in Axes
   929 | D:2      | Reached skill level 1 in Polearms
   929 | D:2      | Reached skill level 1 in Staves
   929 | D:2      | Reached skill level 1 in Ranged Weapons
   929 | D:2      | Reached skill level 1 in Stealth
   929 | D:2      | Reached skill level 1 in Shields
   929 | D:2      | Reached skill level 1 in Unarmed Combat
   929 | D:2      | Reached skill level 1 in Evocations
  1218 | D:2      | Reached XP level 4. HP: 38/38 MP: 11/11
  1241 | D:2      | Learned a level 3 spell: Lesser Beckoning
  1245 | D:2      | Learned a level 3 spell: Teleport Other
  1908 | D:3      | Found a faded altar of an unknown god.
  1964 | D:3      | Reached skill level 1 in Conjurations
  1964 | D:3      | Reached skill level 1 in Hexes
  1964 | D:3      | Reached skill level 1 in Summonings
  1964 | D:3      | Reached skill level 1 in Necromancy
  1964 | D:3      | Reached skill level 1 in Transmutations
  1964 | D:3      | Reached skill level 1 in Fire Magic
  1964 | D:3      | Reached skill level 1 in Ice Magic
  1964 | D:3      | Reached skill level 1 in Air Magic
  1964 | D:3      | Reached skill level 1 in Earth Magic
  1964 | D:3      | Reached skill level 1 in Poison Magic
  2790 | D:3      | Learned a level 3 spell: Vhi's Electric Charge
  3009 | D:4      | Reached XP level 5. HP: 38/43 MP: 12/12
  3448 | D:4      | Noticed a black bear
  3695 | D:4      | Noticed an ogre
  4165 | D:4      | Splashed by a jelly's acid

Illustrated notes

Levels and vault maps discovered:
D:1:      saegor_arrival_simple_e, layout_rooms
D:2:      layout_basic
D:3:      kb_forest_paths, layout_basic, chequers_ecumenical_altar_simple
D:4:      layout_loops_corners

Skill      XL: |  1  2  3  4  5 |
---------------+----------------+-----
Spellcasting   | 5 |  5.2
Invocations    | 1 |  1.8
Short Blades   | 1 |  1.6
Long Blades    | 1 |  1.6
Axes           | 1 |  1.6
Polearms       | 1 |  1.6
Staves         | 1 |  1.6
Ranged Weapons | 1 |  1.6
Stealth        | 1 |  1.6
Shields        | 1 |  1.6
Unarmed Combat | 1 |  1.6
Evocations     | 1 |  1.6
Conjurations   | 1 |  1.3
Hexes          | 1 |  1.3
Summonings     | 1 |  1.3
Necromancy     | 1 |  1.3
Transmutations | 1 |  1.3
Fire Magic     | 1 |  1.3
Ice Magic      | 1 |  1.3
Air Magic      | 1 |  1.3
Earth Magic    | 1 |  1.3
Poison Magic   | 1 |  1.3
Throwing       | 3 |  3.0
Armour         | 3 |  3.0
Fighting       | |  4.8
Maces & Flails | |  4.8
Dodging        | |  4.8
Translocations | |  5.6

Action                   |  1- 3 |  4- 6 || total
-------------------------+-------+-------++-------
Melee: Mace              |   153 |   157 ||   310
       Bite              |     8 |    15 ||    23
       Punch             |       |     1 ||     1
Throw: Javelin           |       |     3 ||     3
 Cast: Vhi's Electric Ch |       |     8 ||     8
       Blink             |       |     6 ||     6
       Teleport Other    |       |     2 ||     2
  Use: Scroll            |       |     8 ||     8
       Potion            |       |     4 ||     4
 Stab: Sleeping          |       |     2 ||     2
Armor: Leather armour    |    51 |    22 ||    73
       Robe              |       |    11 ||    11
Dodge: Dodged            |   117 |   127 ||   244

Table legend: (Time is in decaauts)
 A = Elapsed time spent in this place.
 B = Non-inter-level travel time spent in this place.
 C = Inter-level travel time spent in this place.
 D = Time resting spent in this place.
 E = Time spent auto-exploring this place.
 F = Levels seen in this place.
 G = Mean time per level.
                   A        B        C        D        E       F      G
               +--------+--------+--------+--------+--------+-----+--------+
         Total |   4188 |   3775 |    413 |      0 |   2694 |   4 | 1047.0 |
       Dungeon |   4188 |   3775 |    413 |      0 |   2694 |   4 | 1047.0 |
               +--------+--------+--------+--------+--------+-----+--------+

Top non-repeatable levels by time:
     D:3: 1374 daAuts
     D:2: 1129 daAuts
     D:1: 925 daAuts
     D:4: 758 daAuts
